 Dungeon Crawl Stone Soup version 0.17-a0-1910-g4c791fa (webtiles) character file.

109 graki42 the Skirmisher (level 4, -1/41 HPs)
             Began as a Minotaur Fighter on Sept 25, 2015.
             Slain by a worm (8 damage)
             ... on level 3 of the Dungeon.
             The game lasted 00:04:15 (1615 turns).

graki42 the Skirmisher (Minotaur Fighter)           Turns: 1615, Time: 00:04:15

Health: -1/41      AC:  7    Str: 21    XL:     4   Next: 59%
Magic:  3/3        EV:  7    Int:  5    God:
Gold:   113        SH:  9    Dex: 10    Spells: 0 memorised, 3 levels left

rFire  . . .     SeeInvis .     a - +0 war axe
rCold  . . .     Clarity  .     b - +0 scale mail
rNeg   . . .     SustAt   .     c - +0 shield
rPois  .         Gourm    .     (helmet restricted)
rElec  .         Spirit   .     (no cloak)
rCorr  .         Warding  .     (no gloves)
rMut   .         Stasis   .     (no boots)
MR     .....                    (no amulet)
Stlth  ..........               (no ring)
                                (no ring)

@: not resistant to hostile enchantments, extremely unstealthy
A: retaliatory headbutt, horns 2
a: no special abilities


You were on level 3 of the Dungeon.
You were not hungry.

You visited 1 branch of the dungeon, and saw 3 of its levels.

You collected 113 gold pieces.

Inventory:

Hand weapons
 a - a +0 war axe (weapon)
Missiles
 h - 4 javelins (quivered)
Armour
 b - a +0 scale mail (worn)
 c - a +0 shield (worn)
Jewellery
 l - an uncursed ring of stealth {unknown}
 m - a cursed ring of loudness {unknown}
Scrolls
 f - a scroll of fear {unknown}
 i - a scroll of remove curse {unknown}
 p - a scroll of noise {unknown}
 r - a scroll of teleportation {unknown}
 s - a scroll of magic mapping {unknown}
Potions
 d - a potion of might
 j - a potion of invisibility {unknown}
 k - a potion of brilliance {unknown}
 n - a potion of beneficial mutation {unknown}
 o - 2 potions of curing {unknown}
 q - a potion of lignification {unknown}
Comestibles
 e - 3 bread rations
 g - a meat ration
 t - 22 fruits
 u - a chunk of flesh


   Skills:
 + Level 4.7 Fighting
 + Level 3.3 Axes
 + Level 4.4 Armour
 + Level 4.4 Shields


You had 3 spell levels left.
You didn't know any spells.

Dungeon Overview and Level Annotations

Branches:
Dungeon (3/15)

Altars:
Dithmenos
Yredelemnul


Innate Abilities, Weirdness & Mutations

You reflexively headbutt those who attack you in melee.
You have a pair of horns on your head.


Message History

You barely miss the worm.
The worm is moderately wounded.
You block the worm's attack.
You barely miss the worm. Your headbutt misses the worm.
The worm is moderately wounded.
The worm bites you.
* * * LOW HITPOINT WARNING * * *
You slash the worm! Your headbutt misses the worm.
The worm is severely wounded.
You block the worm's attack.
You hit the worm.
The worm is severely wounded.
You completely miss the worm. You headbutt the worm.
The worm is severely wounded.
The worm bites you.
* * * LOW HITPOINT WARNING * * *
You hit the worm but do no damage.
The worm is severely wounded.
The worm bites you!
You die...

.# ... .##.... ..#....
....$. ....# ##...# ##....#
#####w@...# #......)#.###.
#...#.†)......
###..#...##..#..
###........# #.# #.
......#..### ... ..## #.
...........###.....#...###.
..##.......##...... .....>.
...................##......


You could see a worm.

Vanquished Creatures
  4 adders
  2 worms (D:2)
  3 giant geckos
  5 orcs (D:3)
  8 bats
  3 giant cockroaches
  2 gnoll zombies (D:2)
  2 goblins
  8 hobgoblins
  7 jackals
  4 kobolds
  A quokka (D:2)
  A giant cockroach zombie (D:3)
  A giant gecko zombie (D:3)
  3 giant newts
  A rat (D:2)
55 creatures vanquished.

Notes
Turn   | Place    | Note
--------------------------------------------------------------
     0 | D:1      | graki42 the Minotaur Fighter began the quest for the Orb.
     0 | D:1      | Reached XP level 1. HP: 19/19 MP: 0/0
   314 | D:1      | Reached skill level 4 in Fighting
   380 | D:1      | Reached XP level 2. HP: 27/27 MP: 1/1
   970 | D:2      | Reached XP level 3. HP: 31/33 MP: 2/2
  1414 | D:2      | Found a basalt altar of Yredelemnul.
  1498 | D:3      | Found a shadowy altar of Dithmenos.
  1529 | D:3      | Reached XP level 4. HP: 39/41 MP: 3/3
  1615 | D:3      | Slain by a worm

Vault maps used:
D:1:      lightli_arrival_statuegarden, minmay_misc_feat_pillars
D:2:      lemuel_zombie_altar_yredelemnul, first_bread, dk_vineyard_1
D:3:      grunt_dithmenos_smoke, overflow_temple_1_default, ecumenical_altar_1,
          serial_undead, serial_undead_d, serial_undead_a, serial_undead_e,
          serial_undead_c

Action                   |  1- 3 |  4- 6 || total
-------------------------+-------+-------++-------
Melee: War axe           |    88 |    32 ||   120
  Eat: Chunk             |     2 |       ||     2
